 Dungeon Crawl Stone Soup version 0.29.1-15-g9cfb28693d (webtiles) character file.

Game seed: 7125256302912113086

19387 Peloso the Blocker (level 12, 0/105 HPs)
             Began as a Minotaur Fighter on Apr 2, 2023.
             Was an Elder of Okawaru.
             Killed from afar by a molten gargoyle (4 damage)
             ... with a bolt of magma
             ... while petrified by a catoblepas
             ... in a Gauntlet.
             The game lasted 00:34:31 (11514 turns).

Peloso the Blocker (Minotaur Fighter)              Turns: 11514, Time: 00:34:32

Health: 0/105      AC: 20    Str: 24    XL:     12   Next: 36%
Magic:  7/12       EV:  2    Int:  1    God:    Okawaru [****..]
Gold:   976        SH:  0    Dex: 12    Spells: 11/11 levels left

rFire   . . .      SeeInvis +   c - +9 spear "Ijuoc" {elec, rC+ rCorr Int-4}
rCold   + + .      Faith    .   d - +2 tower shield
rNeg    + + +      Spirit   .   D - +4 chain mail {rC+}
rPois   ∞          Reflect  .   (helmet restricted)
rElec   .          Harm     .   (no cloak)
rCorr   +          Rampage  .   (no gloves)
Will    .....      NoTele   +   (no boots)
Stlth   ..........              t - amulet of Tipleir {rN+ Regen+}
HPRegen 1.07/turn               g - ring of see invisible
MPRegen 0.13/turn               q - +4 ring of protection

@: petrified
A: horns 2, retaliatory headbutt
a: Renounce Religion, Heroism, Finesse


You were in a Gauntlet.
You worshipped Okawaru.
Okawaru was greatly pleased with you.
You visited 3 branches of the dungeon, and saw 14 of its levels.
You also visited: Gauntlet.

You collected 976 gold pieces.

Inventory:

Hand Weapons
 a - a +2 scimitar
 b - a +3 broad axe of flaming
 c - the +9 spear "Ijuoc" (weapon) {elec, rC+ rCorr Int-4}
   (You found it on level 2 of the Dungeon)

   It occasionally discharges a powerful burst of electricity upon striking a
   foe.
   Int:       It affects your intelligence (-4).
   rC:        It protects you from cold.
   rCorr:     It protects you from acid and corrosion.
Armour
 d - a +2 tower shield (worn)
 D - a +4 chain mail of cold resistance (worn)
 K - +0 fire dragon scales
Jewellery
 g - a ring of see invisible (left hand)
 n - a +6 ring of intelligence
 q - a +4 ring of protection (right hand)
 s - a ring of protection from cold
 t - the amulet of Tipleir (around neck) {rN+ Regen+}
   (You found it on level 5 of the Dungeon)

   [amulet of regeneration]

   rN:        It protects you from negative energy.
   Regen:     It increases your rate of health regeneration.
 C - an amulet of reflection
 F - a +4 ring of protection
 G - an amulet of regeneration
 H - a ring of ice
Wands
 f - a wand of flame (10)
 A - a wand of digging (2)
 L - a wand of roots (6)
Scrolls
 e - 3 scrolls of magic mapping
 j - a scroll of immolation
 m - 3 scrolls of amnesia
 p - a scroll of teleportation
 u - a scroll of enchant weapon
 v - a scroll of silence
 x - 2 scrolls of enchant armour
 y - 2 scrolls of blinking
 B - 2 scrolls of fear
Potions
 h - 3 potions of might
 i - 5 potions of mutation
 k - a potion of ambrosia
 l - a potion of brilliance
 r - 2 potions of resistance
 w - 3 potions of heal wounds {unknown}
 z - 2 potions of curing {unknown}
 E - 2 potions of lignification {unknown}
 J - a potion of magic {unknown}
Miscellaneous
 I - a phial of floods


   Skills:
 + Level 9.6 Fighting
 + Level 3.4 Long Blades
 + Level 2.0(8.2) Axes
 + Level 12.4(12.5) Polearms
 + Level 11.5 Armour
 + Level 5.1 Dodging
 + Level 1.6 Stealth
 + Level 14.5 Shields
 + Level 1.4 Invocations


You had 11 spell levels left.
You didn't know any spells.
Your spell library contained the following spells:

 Spells                   Type           Power      Damage    Failure   Level
 Shock                    Conj/Air       0%         1d3       100%        1
 Ensorcelled Hibernation  Hex/Ice        0%         N/A       100%        2
 Spider Form              Tmut/Pois      0%         N/A       100%        3
 Anguish                  Hex/Necr       0%         N/A       100%        4


Dungeon Overview and Level Annotations

Branches:
Dungeon (11/15)            Temple (1/1) D:5            Lair (2/5) D:10
Gauntlet (1/1)
  Swamp: Lair:2-3    Shoals: Lair:2-3     Snake: Lair:2-3    Spider: Lair:2-3
    Orc: D:9-12

Altars:
Ashenzari
Cheibriados
Dithmenos
Elyvilon
Fedhas
Hepliaklqana
Kikubaaqudgha
Makhleb
Nemelex Xobeh
Okawaru
Qazlal
Ru
Trog
Uskayaw
Vehumet
Wu Jian
Xom
Yredelemnul
Zin
The Shining One

Shops:
D:2 (

Annotations:
D:4 2 transporters, NiggerDarts7's ghost, amateur HuFi Gauntlet 11 transporters, exclusion: oklob plant


Innate Abilities, Weirdness & Mutations

You have a pair of horns on your head.
You reflexively headbutt those who attack you in melee.


Message History

The molten gargoyle hits you but does no damage. x2
You feel like a meek peon again.
The molten gargoyle hits you with a +0 morningstar!
You are engulfed in flames!
The gargoyle hurls a stone arrow at you.
The stone arrow hits you but does no damage.
The catoblepas gores you.
The molten gargoyle blasts magma at you!
The bolt of magma hits you but does no damage.
The molten gargoyle hits you but does no damage.
The catoblepas gores you but does no damage.
The molten gargoyle hits you with a +0 morningstar!
You are engulfed in flames!
The molten gargoyle blasts magma at you!
The bolt of magma hits you.
The catoblepas gores you but does no damage.
The molten gargoyle hits you with a +0 morningstar.
You are engulfed in flames!
The catoblepas gores you!
The molten gargoyle blasts magma at you!
The bolt of magma hits you!!
The molten gargoyle hits you but does no damage.
The catoblepas gores you!!
The molten gargoyle hits you but does no damage.
Your hands slow down.
The molten gargoyle hits you with a +0 morningstar!
* * * LOW HITPOINT WARNING * * *
You are engulfed in flames!
* * * LOW HITPOINT WARNING * * *
The catoblepas gores you but does no damage.
The molten gargoyle hits you with a +3 mace!
* * * LOW HITPOINT WARNING * * *
You are engulfed in flames!
* * * LOW HITPOINT WARNING * * *
The molten gargoyle blasts magma at you!
The bolt of magma hits you but does no damage.
The catoblepas gores you!!
* * * LOW HITPOINT WARNING * * *
The molten gargoyle blasts magma at you!
The bolt of magma hits you!
You die...

#..#.........#...#y..
###..#.........#.∩.#h..
#8#..#.........#...#h.#
###..#.........#...#h..
#..#....©....#...#...
###..#.........#...#...
#8#..#9........#...#..#
###..#99.......#...#...
#..#@Y.[©!?..#...#..=
###..###########...####
#8#.....#.©.#....≈.....
###...8.#...#...≈8≈....
#.....#.©.#....≈.....
###..###########...####
#8#..#...#D#w..#...#34.
###..#..#...#..#...#...
#..#.##...##.#...#...


You could see a catoblepas, a six-headed hydra, a torpor snail, 2 molten
gargoyles and a gargoyle.

Vanquished Creatures
  An ice dragon (D:10)
  A hydra (Lair:1)
  A death knight (D:9)
  A two-headed ogre (D:10)
  A centaur warrior (D:9)
  A deep elf pyromancer (D:9)
  A cyclops (D:9)
  5 cane toads
  5 rime drakes
  2 kobold demonologists (D:9)
  A polar bear (D:10)
  A troll (D:9)
  Prince Ribbit (D:5)
  2 hornets (D:9)
  A slime creature (D:9)
  2 centaur simulacra (D:10)
  A shadow (D:7)
  7 wyverns
  An unseen horror simulacrum (D:10)
  2 basilisks
  20 yaks
  A steam dragon (D:9)
  7 water moccasins
  Duvessa (D:6)
  A black bear (D:10)
  8 orc warriors
  3 sky beasts (D:7)
  2 ice beasts
  7 centaurs
  Blork the orc (D:5)
  3 kobold brigands
  11 bullfrogs
  2 necrophages
  A gnoll sergeant (D:7)
  A scorpion (Lair:2)
  13 wights
  Dowan (D:6)
  10 killer bees
  14 howler monkeys
  2 hounds
  A jelly (D:6)
  2 orc priests
  A gnoll bouda (D:7)
  4 iguanas
  5 orc wizards
  Robin (D:3)
  10 gnolls
  7 adders
  3 shadow imps
  4 white imps
  2 ufetubi
  A worm (D:3)
  21 orcs
  6 ball pythons
  A bat (D:1)
  4 endoplasms
  2 giant cockroaches (D:1)
  11 hobgoblins
  7 jackals
  15 kobolds
  2 quokkas
  6 frilled lizards
  16 goblins
  11 rats
  7 bushes (D:1)
297 creatures vanquished.

Vanquished Creatures (others)
  9 fungi
  33 plants
42 creatures vanquished.

Grand Total: 339 creatures vanquished

Notes
Turn   | Place    | Note
-------+----------+-------------------------------------------
     0 | D:1      | Peloso the Minotaur Fighter began the quest for the Orb.
     0 | D:1      | Reached XP level 1. HP: 19/19 MP: 0/0
   150 | D:1      | Reached skill level 4 in Shields
   225 | D:1      | Reached XP level 2. HP: 27/27 MP: 1/1
   472 | D:1      | Found a faded altar of an unknown god.
   480 | D:1      | Got Plato's Octavo of the Nimbus
   592 | D:1      | Reached XP level 3. HP: 30/33 MP: 2/2
  1493 | D:2      | Found Dyav's Weapon Shop.
  1563 | D:2      | Identified the +9 spear "Ijuoc" {elec, rC+ rCorr Int-4}
  2109 | D:3      | Noticed Robin
  2118 | D:3      | Killed Robin
  2119 | D:3      | Reached XP level 4. HP: 35/40 MP: 3/3
  2129 | D:3      | Reached skill level 1 in Polearms
  2839 | D:4      | Found a white marble altar of Elyvilon.
  2874 | D:4      | Noticed NiggerDarts7's ghost (amateur HuFi)
  3023 | D:4      | Found a transporter.
  3026 | D:4      | Found a transporter.
  3153 | D:4      | Reached XP level 5. HP: 46/46 MP: 4/4
  3291 | D:5      | Entered Level 5 of the Dungeon
  3417 | D:5      | Reached skill level 5 in Armour
  3609 | D:5      | Found a stormy altar of Qazlal.
  3618 | D:5      | Found a staircase to the Ecumenical Temple.
  3629 | D:5      | Reached skill level 1 in Dodging
  3636 | Temple   | Entered the Ecumenical Temple
  3636 | Temple   | Found a transporter.
  3636 | Temple   | Found a transporter.
  3638 | Temple   | Found a transporter.
  3638 | Temple   | Found a transporter.
  3825 | D:5      | Noticed Prince Ribbit
  3837 | D:5      | Killed Prince Ribbit
  3838 | D:5      | Reached skill level 5 in Shields
  3838 | D:5      | Reached XP level 6. HP: 13/53 MP: 5/5
  4125 | D:5      | Found a basalt altar of Yredelemnul.
  4248 | D:5      | Noticed Blork the orc
  4256 | D:5      | Killed Blork the orc
  4257 | D:5      | Reached XP level 7. HP: 47/60 MP: 6/6
  4566 | D:5      | Identified the amulet of Tipleir {rN+ Regen+}
  5131 | D:6      | Reached skill level 5 in Polearms
  5240 | D:6      | Reached skill level 5 in Fighting
  5359 | D:6      | Noticed Dowan
  5360 | D:6      | Noticed Duvessa
  5366 | D:6      | Killed Duvessa
  5367 | D:6      | Reached skill level 1 in Stealth
  5367 | D:6      | Reached skill level 6 in Shields
  5367 | D:6      | Reached XP level 8. HP: 68/68 MP: 7/7
  5380 | D:6      | Killed Dowan
  5527 | D:6      | Found a snail-covered altar of Cheibriados.
  5574 | D:6      | Found a glowing golden altar of the Shining One.
  5948 | D:7      | Reached skill level 7 in Shields
  6412 | D:7      | Reached XP level 9. HP: 75/75 MP: 8/8
  6416 | D:7      | Reached skill level 8 in Shields
  6759 | D:8      | Reached skill level 9 in Shields
  6831 | D:8      | Reached skill level 10 in Shields
  6831 | D:8      | Reached XP level 10. HP: 86/86 MP: 9/9
  7773 | D:9      | You fall into a shaft and drop 2 floors!
  7894 | D:10     | Entered Level 10 of the Dungeon
  7918 | D:10     | Found a blossoming altar of Fedhas.
  7948 | D:10     | Noticed an ice dragon
  7963 | D:10     | Reached skill level 10 in Armour
  7991 | D:10     | Reached skill level 10 in Polearms
  8116 | D:10     | Found a staircase to the Lair.
  8187 | D:10     | Reached skill level 11 in Shields
  8205 | D:10     | Killed an ice dragon
  8213 | D:10     | Reached XP level 11. HP: 69/94 MP: 10/10
  8260 | D:10     | Found the +8 frozen axe "Frostbite" {freezing cloud, *Noise
                  | Fly rC+}
  8354 | D:10     | Found an iron altar of Okawaru.
  8364 | D:10     | Became a worshipper of Warmaster Okawaru
  8601 | D:10     | Noticed a two-headed ogre
  8607 | D:10     | Killed a two-headed ogre
  8608 | D:10     | Reached skill level 12 in Shields
  9141 | D:9      | Found a glowing silver altar of Zin.
  9149 | D:9      | Reached * piety under Okawaru
  9156 | D:9      | Noticed a centaur warrior
  9162 | D:9      | Noticed a death knight
  9297 | D:9      | Killed a centaur warrior
  9325 | D:9      | Reached ** piety under Okawaru
  9343 | D:9      | Identified the +2 ring mail of Duck's Teeth {rElec rN++}
  9383 | D:9      | Reached skill level 13 in Shields
  9556 | D:9      | Noticed a sixfirhy
  9620 | D:9      | Noticed a deep elf pyromancer
  9631 | D:9      | Killed a deep elf pyromancer
  9631 | D:9      | Reached *** piety under Okawaru
  9666 | D:9      | Killed a death knight
 10319 | Lair:1   | Entered Level 1 of the Lair of Beasts
 10328 | Lair:1   | Reached XP level 12. HP: 104/104 MP: 11/11
 10337 | Lair:1   | Reached skill level 1 in Invocations
 10340 | Lair:1   | Reached skill level 14 in Shields
 10340 | Lair:1   | Noticed a six-headed hydra
 10351 | Lair:1   | Killed a one-headed hydra
 10461 | Lair:1   | Reached skill level 1 in Axes
 10467 | Lair:1   | Reached **** piety under Okawaru
 10523 | Lair:1   | Found a snail-covered altar of Cheibriados.
 10813 | Lair:1   | Reached skill level 5 in Dodging
 11223 | Lair:2   | Found a gate leading to a gauntlet.
 11233 | Gauntlet | Entered a Gauntlet
 11233 | Gauntlet | Noticed a catoblepas
 11233 | Gauntlet | Found a transporter.
 11233 | Gauntlet | Found a transporter.
 11233 | Gauntlet | Found a transporter.
 11253 | Gauntlet | Found a transporter.
 11259 | Gauntlet | Noticed a six-headed hydra
 11272 | Gauntlet | Found a transporter.
 11288 | Gauntlet | Found a transporter.
 11294 | Gauntlet | Found a transporter.
 11319 | Gauntlet | Found a transporter.
 11336 | Gauntlet | Found a transporter.
 11337 | Gauntlet | Found a transporter.
 11343 | Gauntlet | Found a transporter.
 11343 | Gauntlet | Found a transporter.
 11514 | Gauntlet | HP: 4/105 [catoblepas (11)]
 11514 | Gauntlet | Killed from afar by a molten gargoyle

Illustrated notes

Levels and vault maps discovered:
D:1:      lemuel_arrival_muddy, layout_basic,
          shapermc_ecumenical_altar_rom_forum, lexackson_kobold_supper
D:2:      layout_basic, serial_shops, shop
D:3:      layout_loops_ring, serial_glass, glass_columns_b, glass_columns_b,
          uniq_robin
D:4:      layout_rooms, elyvilon_altar_5, gammafunk_ghost_arena
D:5:      layout_layer_cave, nicolae_overflow_hidden_temple,
          minmay_temple_entry_junction, uniq_prince_ribbit1, uniq_blork_the_orc
D:6:      layout_cave_pods, mainiacjoe_overflow_big_doors, uniq_duvessa
D:7:      kennysheep_windowed_halls, layout_basic, minmay_misc_feat_rows
D:8:      layout_basic
D:9:      hangedman_cross_cluster, layout_grid_maze,
          minmay_fractal_squares_gapless_5
D:10:     minmay_coctagon, layout_basic, okawaru_gym_becter,
          fedhas_ov_isle_minmay, david_lair_generic
D:11:     minmay_ice_pillars, layout_basic, serial_shops,
          nicolae_shop_advertising_works [nicolae_subvault_shop_adworks]
Temple:   hellmonk_temple_divided_pantheon
Lair:1:   layout_gridlike, basic_altar, grunt_megastairs_1, serial_bayou_shore_b
Lair:2:   layout_long_grid, gauntlet_entry_generic, uniq_gastronok
Gauntlet: gammafunk_gauntlet_shortcut [gammafunk_gauntlet_arena_open,
          gammafunk_gauntlet_arena_chambers, gammafunk_gauntlet_arena_hedges,
          gammafunk_gauntlet_arena_crates, nicolae_gauntlet_arena_x,
          nicolae_gauntlet_arena_t_cross, dreamdust_gauntlet_exit_labyrinth]

Skill      XL: |  1  2  3  4  5  6  7  8  9 10 11 12 |
---------------+-------------------------------------+-----
Shields        | 4 5 6 7 10 11 13 14 | 14.5
Armour         | 4 5 6 7 8 9 10 11 | 11.5
Fighting       | 4 5 6 7 8 9 |  9.6
Long Blades    | 3 |  3.4
Polearms       | 2 4 5 7 8 10 12 | 12.4
Dodging        | 1 2 3 4 5 |  5.1
Stealth        | 1 |  1.6
Invocations    | 1 |  1.4
Axes           | 2 |  2.0

Action                   |  1- 3 |  4- 6 |  7- 9 | 10-12 || total
-------------------------+-------+-------+-------+-------++-------
Melee: Long sword        |   490 |       |       |       ||   490
       Headbutt          |   181 |     4 |    47 |   104 ||   336
       Spear             |    31 |    91 |   235 |   434 ||   791
       Broad axe         |       |       |       |     5 ||     5
Invok: Heroism           |       |       |       |     4 ||     4
       Finesse           |       |       |       |     1 ||     1
  Use: Scroll            |     4 |       |     2 |    13 ||    19
       Potion            |     4 |       |       |       ||     4
Armor: Scale mail        |    38 |    25 |       |       ||    63
       Plate armour      |       |       |    46 |       ||    46
       Chain mail        |       |       |    47 |   135 ||   182
Dodge: Dodged            |    53 |    11 |    25 |    75 ||   164
Block: Buckler           |    27 |    10 |       |       ||    37
       Tower shield      |       |    67 |   200 |   386 ||   653
